 Seeded DCSS version 0.30-a0-170-g85af917532 (webtiles) character file.

Game seed: 69420 (custom seed)

51 Nerdsrcool the Slasher (level 3, -3/29 HPs)
             Began as a Demonspawn Berserker on Sept 30, 2022.
             Was a Follower of Trog.
             Constricted to death by Natasha (4 damage)
             ... on level 2 of the Dungeon.
             The game lasted 00:11:31 (682 turns).

Nerdsrcool the Slasher (Demonspawn Berserker)        Turns: 682, Time: 00:11:33

Health: -3/29      AC:  2    Str: 17 (19) XL:     3   Next: 58%
Magic:  0/3        EV:  9    Int:  5 (8)  God:    Trog [*.....]
Gold:   10         SH:  0    Dex: 11 (12) Spells: 2/2 levels left

rFire   . . .      SeeInvis .    a - +0 falchion
rCold   . . .      Faith    .    (no shield)
rNeg    . . .      Spirit   +    b - +0 animal skin
rPois   .          Reflect  .    (no helmet)
rElec   .          Harm     .    (no cloak)
rCorr   .          Rampage  .    (no gloves)
Will    .....                    (no boots)
Stlth   ..........               j - amulet of guardian spirit
HPRegen 0.09/turn                (no ring)
MPRegen 0.08/turn                (no ring)

@: silenced, grasped by roots, constricted
A: demonic guardian 1
a: Renounce Religion


You were on level 2 of the Dungeon.
You worshipped Trog.
Trog was aware of your devotion.
You visited 1 branch of the dungeon, and saw 2 of its levels.

You collected 10 gold pieces.

Inventory:

Hand Weapons
 a - a +0 falchion (weapon)
 d - a +0 dagger
 e - a +0 short sword
 f - a +0 club
 h - a +0 mace
 i - a +0 vampiric dagger
 l - a +0 dagger
 n - a +0 dagger
 q - a +0 whip
 r - a +0 club
 s - a +0 dagger
 u - a +0 dagger
 w - the +3 dagger "Xiosch" {venom, Will+}
   (You found it on level 2 of the Dungeon)

   It poisons the flesh of those it strikes.
   Will:      It increases your willpower.
Missiles
 c - 7 stones (quivered)
 t - 4 boomerangs
Armour
 b - a +0 animal skin (worn)
Jewellery
 j - an amulet of guardian spirit (around neck)
Scrolls
 p - 2 scrolls of teleportation {unknown}
 v - 3 scrolls of immolation {unknown}
Potions
 g - a potion of invisibility {unknown}
 o - a potion of lignification {unknown}


   Skills:
 + Level 3.5 Fighting
 + Level 3.5 Long Blades
 + Level 1.9 Armour
 + Level 2.0 Dodging
 + Level 0.2 Stealth


You had 2 spell levels left.
You didn't know any spells.
Your spell library was empty.

Dungeon Overview and Level Annotations

Branches:
Dungeon (2/15)

Altars:

Shops:
D:1 !   D:2 ?

Annotations:
D:2 Natasha


Innate Abilities, Weirdness & Mutations

A weak demonic guardian rushes to your aid.


Message History

You see here the felid corpse of Natasha.
There are no objects that can be picked up here. the felid corpse of Natasha Natasha casts a spell.
There are monsters nearby!
Throw: 7 stones
Press: ? - help, Q - select action, (/) - cycle Shift-Dir - straight line
Okay, then.
A hobgoblin comes into view.
Found a scroll labelled DAGREN FOTZE.
You feel yourself speed up.
The hobgoblin shouts!
Natasha mumbles some strange words.
The crimson imp blinks!
Found 4 stones.
Found a leather armour.
Natasha zaps a wand.
The roots erupt in riotous growth!
The grasping roots grab you! The grasping roots constrict you.
You see here a scroll labelled DAGREN FOTZE.
As you read the scroll labelled WICO OTEFIUC, it crumbles to dust.
A profound silence engulfs you.
It was a scroll of silence.
The grasping roots constrict you!
* * * LOW HITPOINT WARNING * * *
It was a potion of degeneration.
There was something very wrong with that liquid.
You feel weakened.
You feel dopey.
You feel clumsy. The hobgoblin hits you.
* * * LOW HITPOINT WARNING * * *
The grasping roots constrict you.
* * * LOW HITPOINT WARNING * * *
A demonic guardian appears!
The grasping roots release their grip on you.
You hit Natasha.
Natasha is moderately wounded.
The hobgoblin closely misses you.
Natasha zaps a wand.
The roots erupt in riotous growth!
The grasping roots grab you!
Natasha is unaffected.
The hobgoblin is unaffected.
The grasping roots constrict you.
You die...

##### ###...# ....#.#
#...##################
##.#..5.5..h..........
#...†########..#..##
##...........hg##
###..5..........@.#
.......#..#...#.#...#
...........#.#.. #5##
.....##.#...∩..( .#
.....# .#..#.#.. .#
.....# .#.#...#. .
.....# ......... #
........... ##[#
..####...


You could see Natasha, a hobgoblin (ally target) and a friendly iron imp
(summoned).

Vanquished Creatures
  2 endoplasms
  5 goblins
  4 hobgoblins
  A quokka (D:1)
  4 ball pythons (D:1)
  2 bats (D:1)
  2 frilled lizards (D:1)
  2 kobolds (D:1)
22 creatures vanquished.

Vanquished Creatures (collateral kills)
  Natasha (D:2)
  A rat (D:2)
2 creatures vanquished.

Grand Total: 24 creatures vanquished

Notes
Turn   | Place    | Note
-------+----------+-------------------------------------------
     0 | D:1      | Nerdsrcool the Demonspawn Berserker began the quest for the
                  | Orb.
     0 | D:1      | Reached XP level 1. HP: 18/18 MP: 1/1
   318 | D:1      | Gained mutation: A weak demonic guardian rushes to your
                  | aid. [demonic ancestry]
   318 | D:1      | Reached XP level 2. HP: 13/24 MP: 0/2
   318 | D:1      | Found Gynuaniv's Distillery.
   589 | D:2      | Noticed Natasha
   595 | D:2      | Reached ** piety under Trog
   603 | D:2      | Found Ynoor's Magic Scroll Shop.
   604 | D:2      | Identified the +3 dagger "Xiosch" {venom, Will+}
   614 | D:2      | Killed Natasha
   615 | D:2      | Reached XP level 3. HP: 10/29 MP: 1/3
   666 | D:2      | Noticed Natasha
   681 | D:2      | HP: 1/29 [constriction (6)]
   682 | D:2      | Constricted to death by Natasha

Illustrated notes

Levels and vault maps discovered:
D:1:      dpeg_arrival_rhombi, layout_basic, dreamdust_ecumenical_altar_statues,
          serial_shops, nicolae_shop_stone, chequers_hall_statues_wall_a,
          st_stairs_4
D:2:      layout_loops_ring, serial_shops, nicolae_shop_advertising_works
          [nicolae_subvault_shop_adworks], uniq_natasha

Skill      XL: |  1  2 |
---------------+-------+-----
Long Blades    | 3 |  3.5
Dodging        | 2 |  2.0
Fighting       | |  3.5
Armour         | |  1.9
Stealth        | |  0.2

Action                   || total
-------------------------++-------
Melee: Falchion          ||    45
Throw: Stone             ||     4
Invok: Berserk           ||     1
  Use: Scroll            ||     1
       Potion            ||     1
Armor: Animal skin       ||     8
Dodge: Dodged            ||    32

Table legend: (Time is in decaauts)
 A = Elapsed time spent in this place.
 B = Non-inter-level travel time spent in this place.
 C = Inter-level travel time spent in this place.
 D = Time resting spent in this place.
 E = Time spent auto-exploring this place.
 F = Levels seen in this place.
 G = Mean time per level.
                   A        B        C        D        E       F      G
               +--------+--------+--------+--------+--------+-----+--------+
         Total |    719 |    662 |     57 |    129 |    360 |   2 |  359.5 |
       Dungeon |    719 |    662 |     57 |    129 |    360 |   2 |  359.5 |
               +--------+--------+--------+--------+--------+-----+--------+

Top non-repeatable levels by time:
     D:1: 591 daAuts
     D:2: 128 daAuts
